Map: Submarino EE

Players

Crosen - Winner!

  • Race: Protoss Protoss
  • League: Gold
  • Spawn Location: 5:00

MrFercho

  • Race: Zerg Zerg
  • League: Silver
  • Spawn Location: 11:00

VOD

Have the link to the VOD?

Description

Time

  • Played on: July 7, 2020, 7:55 p.m.
  • Length: 8:53
Show
View Real Time Build Order
Export as new Build Order

Crosen Protoss - Winner!

Build Orders: 1 Gate Expand 

Get SALT Encoding   

  12  0:09  Probe  
  13  0:22  Pylon  
  13  0:25  Probe  
  14  0:43  Gateway  
  14  0:44  Probe  
  15  0:56  Probe  
  16  1:08  Probe  
  17  1:20  Probe  
  18  1:28  Nexus  
  18  1:32  Probe  
  19  1:36  Assimilator  
  19  1:44  Probe  
  20  1:51  Cybernetics Core  
  20  1:55  Pylon  
  20  1:57  Probe  
  21  2:06  Assimilator  
  21  2:15  Probe  
  21  2:19  Zealot  
  23  2:54  Gateway  
  23  2:57  Pylon  
  23  2:59  Adept  
  25  3:10  Shield Battery  
  25  3:13  Shield Battery  
  25  3:17  Probe x2  
  27  3:25  Warp Gate  
  27  3:33  Adept  
  29  3:37  Pylon  
  29  3:41  Assimilator  
  29  3:42  Probe  
  29  3:45  Assimilator  
  30  3:48  Adept  
  32  4:01  Stargate  
  32  4:02  Stargate  
  32  4:09  Adept  
  32  4:12  Probe  
  32  4:16  Probe  
  34  4:24  Probe  
  34  4:26  Adept  
  34  4:29  Probe  
  38  4:41  Probe  
  38  4:42  Gateway, Probe  
  40  4:51  Sentry  
  42  4:53  Probe  
  42  4:54  Probe  
  42  4:57  Void Ray  
  44  5:12  Probe  
  49  5:14  Probe  
  50  5:26  Void Ray  
  54  5:36  Zealot  
  54  5:37  Zealot  
  54  5:40  Sentry  
  60  5:50  Pylon  
  60  5:51  Pylon  
  60  6:03  Forge  
  60  6:08  Void Ray  
  64  6:22  Void Ray  
  68  6:27  Stalker  
  70  7:36  Void Ray x2  
  78  7:43  Pylon x2  
  78  7:47  Fleet Beacon  
  78  7:50  Pylon  
  78  7:52  Gateway  
  78  8:19  Phoenix x2  
Show
View Real Time Build Order
Export as new Build Order

MrFercho Zerg 

Build Orders: Hatch First 

Get SALT Encoding   

  12  0:01  Drone  
  13  0:09  Drone  
  14  0:23  Overlord  
  14  0:34  Extractor  
  13  0:35  Drone  
  13  0:37  Extractor, Drone  
  16  0:46  Drone  
  16  0:47  Drone  
  18  1:02  Hatchery  
  18  1:03  Drone  
  18  1:11  Extractor  
  17  1:24  Drone x2  
  19  1:25  Spawning Pool  
  19  1:29  Drone  
  19  1:40  Drone  
  20  1:51  Drone  
  21  2:23  Metabolic Boost  
  21  2:26  Zergling x4  
  23  2:30  Drone x3  
  26  2:43  Zergling x4  
  28  2:48  Overlord  
  28  2:56  Overlord  
  28  3:06  Queen x2  
  28  3:08  Drone  
  28  3:09  Drone x2  
  35  3:12  Roach Warren  
  34  3:22  Evolution Chamber, Drone  
  34  3:23  Drone x2  
  36  3:29  Drone  
  36  3:31  Drone  
  38  3:40  Drone  
  39  3:42  Drone  
  39  3:46  Lair  
  40  3:54  Extractor  
  39  4:06  Extractor, Queen  
  39  4:08  Zerg Missile Weapons Level 1  
  40  4:11  Drone  
  40  4:12  Drone x3  
  44  4:27  Spine Crawler  
  43  4:34  Drone  
  43  4:35  Overlord x4  
  44  4:56  Roach  
  44  4:57  Roach x5  
  44  4:58  Drone  
  57  5:15  Glial Reconstitution  
  57  5:18  Drone x5  
  57  5:20  Drone  
  63  5:49  Roach x4  
  71  5:55  Drone x2  
  73  6:03  Overlord x2  
  73  6:04  Overlord  
  73  6:11  Hatchery  
  73  6:14  Spore Crawler  
  73  6:18  Spore Crawler  
  70  6:21  Spore Crawler  
  69  6:38  Spawning Pool  
  68  6:51  Hatchery  
  67  7:03  Drone x2  
  67  7:04  Drone x10  
  77  7:17  Spawning Pool  
  73  7:57  Overseer  
  73  8:02  Spore Crawler  
  70  8:11  Drone x10  
  72  8:47  Spore Crawler  
Tags
 
Add a new tag
Caveats
  • Supply blocks, unpowered buildings, or Contaminate may cause inaccurate times.
  • Supply counts are checked every 10 seconds.